 Dungeon Crawl Stone Soup version 0.27.0-1-g7a089689b8 (webtiles) character file.

Game seed: 11060197460267433671

71369 pkoi the Severer (level 14, -11/131 (132) HPs)
             Began as a Minotaur Gladiator on Aug 17, 2021.
             Was a High Priest of Ru.
             Hit by a silver javelin thrown by a merfolk javelineer (16 damage)
             ... on level 2 of the Shoals.
             The game lasted 00:35:06 (26405 turns).

pkoi the Severer (Minotaur Gladiator)              Turns: 26405, Time: 00:35:07

HP:   -11/131 (132) AC: 24    Str: 23    XL:     14   Next: 97%
MP:   13/13         EV: 15    Int:  5    God:    Ru [*****.]
Gold: 1359          SH:  0    Dex: 13    Spells: 12/13 levels left

rFire    . . .     SeeInvis .   a - +6 executioner's axe (freeze)
rCold    . . .     Faith    .   (shield currently unavailable)
rNeg     . . .     Spirit   .   k - +0 plate armour
rPois    .         Reflect  .   c - +1 hat
rElec    .         Harm     .   J - +2 cloak
rCorr    .         Rampage  +   (no gloves)
Will     +....                  j - +2 pair of boots {rampage}
Stlth    ..........             e - amulet of the acrobat
HPRegen  0.31/turn              o - +4 ring of evasion
MPRegen  0.13/turn              q - +4 ring of evasion

@: lightly drained
A: horns 2, inability to use devices, hated by all, inability to train dodging,
unskilled 1, retaliatory headbutt
a: Renounce Religion, Sacrifice Words, Sacrifice an Eye, Sacrifice Health,
Reject Sacrifices, Draw Out Power, Power Leap, Apocalypse


You were on level 2 of the Shoals.
You worshipped Ru.
Ru was extremely pleased with you.
You visited 4 branches of the dungeon, and saw 21 of its levels.
You visited the Abyss 1 time.
You also visited: Bailey.

You collected 1509 gold pieces.
You spent 150 gold pieces at shops.

Inventory:

Hand Weapons
 a - a +6 executioner's axe of freezing (weapon)
 b - a +0 shortbow
 N - a +0 war axe of flaming
Missiles
 d - 7 throwing nets (quivered)
 m - 4 curare-tipped darts
 z - 306 arrows
Armour
 c - a +1 hat (worn)
 j - a +2 pair of boots of rampaging (worn)
 k - a +0 plate armour (worn)
 J - a +2 cloak (worn)
Jewellery
 e - an amulet of the acrobat (around neck)
 o - a +4 ring of evasion (left hand)
 p - a ring of magical power
 q - a +4 ring of evasion (right hand)
 r - a +6 ring of strength
 y - a ring of ice
 B - a ring of protection from cold
 E - a +6 ring of dexterity
 H - a +4 ring of slaying
 I - a ring of resist corrosion
 L - a ring of positive energy
Scrolls
 g - 14 scrolls of identify
 h - 5 scrolls of amnesia
 t - a scroll of blinking
 w - 3 scrolls of fear
 x - 4 scrolls of enchant armour
 D - 2 scrolls of fog
 F - 3 scrolls of teleportation
 G - 3 scrolls of enchant weapon
 K - a scroll of magic mapping
Potions
 f - 3 potions of magic
 i - 5 potions of cancellation
 l - 5 potions of ambrosia
 n - 6 potions of haste
 s - 9 potions of curing
 u - a potion of heal wounds
 v - 2 potions of might
 A - 3 potions of berserk rage
 C - 4 potions of brilliance
 M - a potion of lignification {unknown}


   Skills:
 + Level 14.1 Fighting
 * Level 19.7 Axes
 + Level 0.6 Bows
 - Level 1.7 Throwing
 + Level 14.0 Armour


You had 12 spell levels left.
You knew the following spells:

 Your Spells              Type           Power      Damage    Failure   Level
a - Apportation           Tloc           0%         N/A       99%         1

Your spell library contained the following spells:

 Spells                   Type           Power      Damage    Failure   Level
 Foxfire                  Conj/Fire      0%         2x1d4     99%         1
 Magic Dart               Conj           0%         1d3       99%         1
 Static Discharge         Conj/Air       0%         N/A       100%        2
 Sublimation of Blood     Necr           0%         N/A       100%        2
 Conjure Flame            Conj/Fire      0%         6-21      100%        3
 Gell's Gravitas          Tloc           0%         N/A       100%        3
 Inner Flame              Hex/Fire       0%         N/A       100%        3
 Mephitic Cloud           Conj/Pois/Air  0%         N/A       100%        3
 Teleport Other           Tloc           0%         N/A       100%        3
 Cause Fear               Hex            0%         N/A       100%        4
 Petrify                  Tmut/Erth      0%         N/A       100%        4
 Alistair's Intoxication  Tmut/Pois      0%         N/A       100%        5
 Irradiate                Conj/Tmut      0%         3d14      100%        5
 Lightning Bolt           Conj/Air       0%         1d11      100%        5
 Dispersal                Tloc           0%         N/A       100%        6
 Eringya's Noxious Bog    Tmut/Pois      0%         N/A       100%        6
 Invisibility             Hex            0%         N/A       100%        6
 Dragon Form              Tmut           0%         N/A       100%        7
 Discord                  Hex            0%         N/A       100%        8
 Maxwell's Capacitive Co  Air            0%         ∞         100%        8
 Call Imp                 Summ           Unusable   N/A       N/A         2
 Summon Forest            Summ/Tloc      Unusable   N/A       N/A         5
 Summon Hydra             Summ           Unusable   N/A       N/A         7
 Dragon's Call            Summ           Unusable   N/A       N/A         9

Dungeon Overview and Level Annotations

Branches:
Dungeon (12/15)            Temple (1/1) D:4            Lair (6/6) D:8
 Shoals (2/4) Lair:3        Snake (0/4) Lair:3        Slime (0/5) Lair:5
    Orc (0/2) D:12         Bailey (visited)

Altars:
Ashenzari
Cheibriados
Dithmenos
Elyvilon
Fedhas
Gozag
Hepliaklqana
Kikubaaqudgha
Makhleb
Nemelex Xobeh
Okawaru
Qazlal
Ru
Sif Muna
Trog
Uskayaw
Vehumet
Wu Jian
Xom
Yredelemnul
Zin
The Shining One
Jiyva

Shops:
D:6 :   D:9 [

Annotations:
D:3 1 runed translucent door, Crazy Yiuf
D:7 1 runed translucent door, dtburroughs's ghost, novice MiBe
Lair:6 exclusion: oklob plant
Shoals:1 2 transporters, SunEater's ghost, journeyman MiFi


Innate Abilities, Weirdness & Mutations

You have a pair of horns on your head.
You cannot study or use magical devices.
You are hated by all.
You cannot train Dodging skill.
You are somewhat unskilled. (-1 Apt)
You reflexively headbutt those who attack you in melee.


Message History

You slash the merfolk! You freeze the merfolk!
The merfolk is heavily wounded.
The merfolk javelineer throws a silver javelin.
The silver javelin pierces through you!
The merfolk throws a silver boomerang.
The silver boomerang hits you but does no damage.
The merfolk throws a boomerang.
The boomerang completely misses you. The merfolk barely misses you.
Unknown command.
Unknown command.
You are too injured to fight recklessly!
Unknown command.
You are too injured to fight recklessly!
You are too injured to fight recklessly!
Unknown command.
You slice the merfolk!! You freeze the merfolk!
You kill the merfolk!
The merfolk javelineer throws a silver javelin.
The silver javelin pierces through you!
The merfolk javelineer throws a javelin.
The javelin pierces through you!
* * * LOW HITPOINT WARNING * * *
The merfolk javelineer throws a silver javelin.
The silver javelin misses you.
The merfolk hits you from afar with a +0 trident!
* * * LOW HITPOINT WARNING * * *
You focus your inner power and illuminate the merfolk in retribution!
Unknown command.
The merfolk javelineer stops glowing.
The merfolk javelineer throws a javelin.
The javelin completely misses you.
Unknown command.
The merfolk throws a boomerang.
The boomerang completely misses you.
The merfolk javelineer throws a silver javelin.
The silver javelin pierces through you!
* * * LOW HITPOINT WARNING * * *
x2 You focus your inner power and illuminate the merfolk javelineer in retribution!
There is a stone staircase leading up, spattered with blood here.
The merfolk javelineer throws a silver javelin.
The silver javelin pierces through you!
You die...

..≈≈≈≈≈≈≈≈... .≈≈
.≈≈≈≈≈≈≈≈≈..# #.≈≈
.≈≈≈..≈≈....##...≈
.≈≈≈...≈...........
≈≈≈≈...≈≈........≈..
.≈≈≈≈≈.≈........≈≈≈≈
..≈≈≈≈..........≈≈≈≈
.≈≈...m.....@..≈≈≈≈≈
≈≈.m.#..###.)..≈≈≈≈≈
≈≈.....m##......≈≈≈≈
≈≈......m..)≈)..≈≈≈≈
≈≈≈≈....m...≈≈≈≈≈≈≈≈
≈≈≈≈≈≈.....≈≈≈≈≈≈≈≈≈
≈≈≈≈≈≈......≈≈≈≈≈≈≈≈
≈≈≈≈≈..≈...≈...≈≈≈≈≈
≈≈≈≈≈≈≈≈≈≈≈...?..≈≈.


You could see 2 merfolk javelineers and a merfolk.

Vanquished Creatures
  A green death (Abyss:2)
  9 hydras
  A catoblepas (Lair:4)
  2 merfolk aquamancers (Shoals:1)
  3 two-headed ogres
  Sonja (D:11)
  A spatial maelstrom (Abyss:2)
  A glowing orange brain (Abyss:2)
  11 sea snakes (Shoals:1)
  2 starcursed masses (Abyss:2)
  3 harpies (Shoals:1)
  A deep elf pyromancer (D:12)
  2 lindwurms
  Pikel (D:6)
  A faun (Shoals:1)
  6 elephants
  5 manticores
  3 black mambas
  A merfolk siren (Shoals:1)
  3 gargoyles
  3 rime drakes
  7 cane toads
  An unseen horror (D:12)
  11 komodo dragons
  A queen bee (D:9)
  A wind drake (Shoals:1)
  5 merfolk
  6 polar bears
  A snapping turtle (Shoals:1)
  3 hornets (Lair:6)
  19 blink frogs
  15 dream sheep
  13 spriggans
  3 vampires
  50 yaks
  A wraith (D:11)
  6 wyverns
  2 steam dragons
  6 vampire mosquitoes
  4 basilisks
  2 large abominations (Abyss:2)
  An acid dragon (D:7)
  24 water moccasins
  4 ice beasts
  3 sky beasts
  3 orc warriors
  4 black bears
  4 boggarts (Lair:6)
  2 necrophages
  31 wolves
  3 ogres
  A phantom (D:5)
  13 centaurs
  4 lemures (D:5)
  3 kobold brigands
  11 bullfrogs
  5 gnoll sergeants
  7 scorpions
  A wyvern zombie (D:7)
  2 wyvern skeletons (D:7)
  11 wights
  38 killer bees
  4 howler monkeys
  2 bullfrog zombies
  7 centaur zombies
  10 hounds
  11 orc priests
  A centaur skeleton (D:7)
  A gnoll shaman (D:6)
  A jelly (D:7)
  2 iguanas
  13 orc wizards
  A killer bee zombie (D:9)
  A centaur simulacrum (D:9)
  A hound zombie (D:5)
  A hound skeleton (D:5)
  2 howler monkey zombies
  27 gnolls
  9 adders
  2 white imps
  4 dart slugs
  45 orcs
  7 endoplasms
  7 giant cockroaches
  11 goblins
  21 hobgoblins
  9 jackals
  A quokka (D:3)
  2 ball pythons
  3 bats
  A goblin zombie (D:6)
  22 kobolds
  11 rats
  A rat zombie (D:6)
634 creatures vanquished.

Vanquished Creatures (others)
  A hydra (D:9)
  A merfolk aquamancer (Shoals:1)
  A yak (Lair:4)
  A spriggan (Lair:6)
  An orc warrior (D:6)
  A wolf (Lair:6)
  An orc priest (D:8)
  An orc wizard (D:9)
  A gnoll (D:8)
  50 fungi
  98 plants
157 creatures vanquished.

Grand Total: 791 creatures vanquished

Notes
Turn   | Place    | Note
-------+----------+-------------------------------------------
     0 | D:1      | pkoi the Minotaur Gladiator began the quest for the Orb.
     0 | D:1      | Reached XP level 1. HP: 18/18 MP: 0/0
   100 | D:1      | Reached skill level 4 in Axes
   340 | D:1      | Reached XP level 2. HP: 23/25 MP: 1/1
   711 | D:2      | Reached skill level 5 in Axes
   713 | D:2      | Reached XP level 3. HP: 30/30 MP: 2/2
   807 | D:2      | Found a sacrificial altar of Ru.
   885 | D:2      | Became a worshipper of Ru the Awakened
  1013 | D:2      | Reached skill level 6 in Axes
  1013 | D:2      | Reached XP level 4. HP: 35/37 MP: 3/3
  1845 | D:3      | Found a runed translucent door.
  1846 | D:3      | Noticed Crazy Yiuf
  1953 | D:3      | Found a sparkling altar of Nemelex Xobeh.
  1958 | D:3      | Found a broken altar of Ashenzari.
  1959 | D:3      | Found a sacrificial altar of Ru.
  2194 | D:4      | Found a staircase to the Ecumenical Temple.
  2205 | Temple   | Entered the Ecumenical Temple
  2208 | Temple   | Gained mutation: You are hated by all. [Ru sacrifice]
  2208 | Temple   | Reached * piety under Ru
  2294 | D:4      | Noticed a scorpion
  2299 | D:4      | Reached skill level 7 in Axes
  2299 | D:4      | Reached XP level 5. HP: 40/42 MP: 4/4
  2592 | D:4      | Reached skill level 8 in Axes
  2620 | D:4      | Reached skill level 1 in Armour
  2620 | D:4      | Reached XP level 6. HP: 34/50 MP: 5/5
  3208 | D:4      | Found a shimmering blue altar of Sif Muna.
  3398 | D:5      | Entered Level 5 of the Dungeon
  3420 | D:5      | Noticed a water moccasin
  3433 | D:5      | Killed a water moccasin
  3841 | D:5      | Noticed a water moccasin
  3850 | D:5      | Killed a water moccasin
  3851 | D:5      | Reached skill level 9 in Axes
  3851 | D:5      | Reached XP level 7. HP: 52/58 MP: 6/6
  4684 | D:6      | Reached XP level 8. HP: 67/67 MP: 7/7
  4697 | D:6      | Reached skill level 5 in Fighting
  4697 | D:6      | Reached skill level 10 in Axes
  4731 | D:6      | Noticed Pikel
  5155 | D:6      | Killed Pikel
  5156 | D:6      | Reached skill level 11 in Axes
  5156 | D:6      | Reached skill level 5 in Armour
  5196 | D:6      | Found Sede Narph's Book Emporium.
  5208 | D:6      | Gained mutation: You are somewhat unskilled. (-1 Apt) [Ru
                  | sacrifice]
  5208 | D:6      | Reduced skill Fighting to level 5
  5208 | D:6      | Reduced skill Axes to level 10
  5208 | D:6      | Reduced skill Throwing to level 1
  5208 | D:6      | Reached ** piety under Ru
  5208 | D:6      | Reached *** piety under Ru
  5246 | D:6      | Reached skill level 5 in Armour
  5831 | D:6      | Found a glowing golden altar of the Shining One.
  5979 | D:6      | Reached XP level 9. HP: 75/75 MP: 8/8
  6279 | D:6      | Identified the +2 ring mail of the Fife {rPois rC- Int+2
                  | Dex+3}
  6326 | D:6      | Reached skill level 11 in Axes
  7254 | D:7      | Found a flagged portal.
  7286 | Bailey   | Entered a bailey
  8324 | D:7      | Reached skill level 12 in Axes
  8460 | D:7      | Gained mutation: You cannot train Dodging skill. [Ru
                  | sacrifice]
  8460 | D:7      | Reached **** piety under Ru
  8595 | D:7      | Found a runed translucent door.
  8596 | D:7      | Noticed an eight-headed hydra
  8596 | D:7      | Noticed dtburroughs's ghost (novice MiBe)
  8670 | D:7      | Noticed a two-headed ogre
  8681 | D:7      | Killed a two-headed ogre
  8682 | D:7      | Reached XP level 10. HP: 54/88 MP: 9/9
  9344 | D:7      | Noticed a gargoyle
  9351 | D:7      | Killed a gargoyle
  9352 | D:7      | Reached skill level 13 in Axes
 10489 | D:8      | Found a staircase to the Lair.
 10508 | D:8      | Reached XP level 11. HP: 83/97 MP: 10/10
 11036 | D:9      | Reached skill level 14 in Axes
 11392 | D:9      | Noticed a six-headed hydra
 11397 | D:9      | Killed a four-headed hydra
 11632 | D:9      | Gained mutation: You cannot study or use magical devices.
                  | [Ru sacrifice]
 11632 | D:9      | Reached ***** piety under Ru
 12003 | D:9      | Found Oghaeva's Antique Armour Emporium.
 12013 | D:9      | Bought a pair of glowing boots for 150 gold pieces
 12488 | D:10     | Entered Level 10 of the Dungeon
 12526 | Lair:1   | Entered Level 1 of the Lair of Beasts
 12841 | Lair:1   | Reached skill level 10 in Fighting
 13237 | Lair:1   | Reached skill level 10 in Armour
 13244 | Lair:1   | Reached skill level 15 in Axes
 13999 | Lair:2   | Reached XP level 12. HP: 89/107 MP: 11/11
 14175 | Lair:2   | Noticed a seven-headed hydra
 14182 | Lair:2   | Killed a four-headed hydra
 15170 | Lair:2   | Reached skill level 16 in Axes
 16451 | Lair:3   | Found a staircase to the Shoals.
 16647 | Lair:3   | Found a staircase to the Snake Pit.
 16908 | Lair:3   | Identified the +10 flail "Plog" {flame, rC- rCorr Dex+2}
 16971 | Lair:4   | Found a burning altar of Makhleb.
 17045 | Lair:4   | Noticed a five-headed hydra
 17059 | Lair:4   | Killed a one-headed hydra
 17226 | Lair:4   | Noticed a catoblepas
 17241 | Lair:4   | Killed a catoblepas
 17242 | Lair:4   | Reached XP level 13. HP: 88/117 MP: 12/12
 17505 | Lair:4   | Reached skill level 17 in Axes
 18645 | Lair:5   | Found a staircase to the Slime Pits.
 19168 | Lair:6   | Entered Level 6 of the Lair of Beasts
 19539 | Lair:6   | Reached skill level 18 in Axes
 20387 | Lair:6   | Cast into level 2 of the Abyss (spriggan)
 20446 | Abyss:2  | Noticed a starcursed mass
 20464 | Abyss:2  | Reached XP level 14. HP: 107/118 MP: 13/13
 20544 | Abyss:2  | Found a corrupted altar of Lugonu.
 20593 | Lair:6   | Escaped the Abyss
 22467 | D:10     | Found a stormy altar of Qazlal.
 22971 | D:11     | Identified the +10 spear of Gozag {freeze, *Rage Str+9
                  | Int+6 Stlth+}
 23104 | D:11     | Noticed Sonja
 23117 | D:11     | Killed Sonja
 23731 | D:12     | Reached skill level 19 in Axes
 23777 | D:12     | Found a staircase to the Orcish Mines.
 24648 | D:12     | Identified a scroll of acquirement
 24649 | D:12     | Acquired a +6 executioner's axe of freezing
 25005 | Shoals:1 | Entered Level 1 of the Shoals
 25400 | Shoals:1 | Noticed SunEater's ghost (journeyman MiFi)
 25596 | Shoals:1 | Found a transporter.
 26016 | Shoals:1 | Found a transporter.
 26241 | Shoals:1 | Learned a level 1 spell: Apportation
 26404 | Shoals:2 | HP: 4/131 [merfolk javelineer/silver javelin (3)]
 26405 | Shoals:2 | Hit by a silver javelin thrown by a merfolk javelineer

Illustrated notes

Levels and vault maps discovered:
D:1:      nzn_arrival_depleted_hourglass, layout_basic, st_stairs_1,
          fountainhead, minmay_misc_feat_tiny
D:2:      layout_basic, basic_altar, st_stairs_11, grunt_ministairs_5,
          minmay_strange_pillars
D:3:      layout_rooms, minitemple, uniq_crazy_yiuf_cottage
D:4:      layout_rooms, mainiacjoe_overflow_boulevard,
          minmay_temple_entry_large_hall, nrook_mini_vaults
D:5:      layout_gridville, minmay_crossroads
D:6:      kennysheep_housing_project, layout_gridville,
          overflow_temple_1_default, enter_ossuary_4, serial_shops, shop,
          uniq_pikel
D:7:      kennysheep_windowed_halls, layout_basic, ebering_ghost_inner_flame,
          enter_bailey_5
D:8:      layout_gridville, minmay_lair_entry_grove, nzn_life_drinkers
D:9:      layout_roguey, special_room [special_room_bee], serial_shops,
          shop_fountains, hangedman_corner_corridor
D:10:     layout_gridville, mainiacjoe_overflow_paths
D:11:     layout_small_grid, uniq_sonja
D:12:     layout_long_grid, orc_0_dummy
Temple:   compressed_dpeg_circular_temple
Lair:1:   layout_chaotic_city
Lair:2:   layout_loops_ring
Lair:3:   layout_chaotic_city, elwin_shoals_entry_rooms, dummy_snake_entry,
          infiniplex_staircase_pool
Lair:4:   layout_roguey, basic_altar, serial_bayou_shore_b
Lair:5:   layout_hall_layers, slime_altar_1, beast_lair_carwin_1
Lair:6:   minmay_lair_end_enchanted_forest, layout_concentric_octagons,
          infiniplex_staircase_pool_2
Shoals:1: cheibrodos_shoals_three_sisters, layout_shoals, gammafunk_ghost_arena
Shoals:2: layout_shoals

Skill      XL: |  1  2  3  4  5  6  7  8  9 10 11 12 13 14 |
---------------+-------------------------------------------+-----
Axes           | 4 5 6 7 8 9 10 12 13 15 16 18 19 | 19.7
Armour         | 1 2 4 5 7 8 10 11 12 14 | 14.0
Fighting       | 3 4 5 7 9 10 11 13 14 | 14.1
Throwing       | 1 |  1.7
Dodging        | 0 |  0.0
Bows           | |  0.6

Action                   |  1- 3 |  4- 6 |  7- 9 | 10-12 | 13-15 || total
-------------------------+-------+-------+-------+-------+-------++-------
Melee: War axe           |    49 |   161 |   369 |   726 |   554 ||  1859
       Headbutt          |     4 |    25 |    61 |   159 |   145 ||   394
       Executioner's axe |       |       |       |       |    72 ||    72
       Battleaxe         |       |       |       |       |    67 ||    67
 Fire: Shortbow          |       |       |       |       |    16 ||    16
Throw: Throwing net      |       |       |     2 |       |       ||     2
Invok: Sacrifice Love    |       |     1 |       |       |       ||     1
       Sacrifice Skill   |       |       |     1 |       |       ||     1
       Sacrifice Nimblen |       |       |     1 |       |       ||     1
       Sacrifice Artific |       |       |       |     1 |       ||     1
       Apocalypse        |       |       |       |       |     2 ||     2
       Reject Sacrifices |       |       |       |       |     1 ||     1
  Use: Scroll            |     5 |     3 |     2 |    11 |     4 ||    25
       Potion            |       |     3 |       |     1 |     1 ||     5
 Stab: Invisible         |       |       |     1 |     4 |     8 ||    13
       Distracted        |       |       |     1 |     2 |     5 ||     8
       Paralysed         |       |       |       |     3 |     7 ||    10
       Petrified         |       |       |       |     1 |       ||     1
Armor: Scale mail        |    20 |    10 |       |       |       ||    30
       Plate armour      |       |    81 |   225 |   338 |   241 ||   885
Dodge: Dodged            |    19 |    56 |   196 |   378 |   480 ||  1129
